 Dungeon Crawl Stone Soup version 0.29-a0-298-g3c90f9a769 (webtiles) character file.

Game seed: 2275319243307171900

101 kae the Firebug (level 4, -13/25 HPs)
             Began as a Tengu Fire Elementalist on Mar 22, 2022.
             Mangled by an ogre
             ... wielding a +0 giant spiked club
              (24 damage)
             ... on level 4 of the Dungeon.
             The game lasted 00:01:28 (3923 turns).

kae the Firebug (Tengu Fire Elementalist)           Turns: 3923, Time: 00:01:28

Health: -13/25     AC:  3    Str:  9    XL:     4   Next: 75%
Magic:  1/8        EV: 12    Int: 17    God:
Gold:   143        SH:  0    Dex: 14    Spells: 1/7 levels left

rFire   . . .      SeeInvis .   c - +0 spear
rCold   . . .      Faith    .   (no shield)
rNeg    . . .      Spirit   .   a - +0 robe
rPois   +          Reflect  .   (helmet restricted)
rElec   .          Harm     .   f - +0 cloak
rCorr   .          Rampage  .   (no gloves)
Will    .....                   (boots unavailable)
Stlth   ++........              (no amulet)
HPRegen 0.08/turn               l - ring of poison resistance
MPRegen 0.11/turn               (no ring)

@: very slightly contaminated
A: beak, talons 3
a: no special abilities


You were on level 4 of the Dungeon.
You visited 1 branch of the dungeon, and saw 4 of its levels.

You collected 143 gold pieces.

Inventory:

Hand Weapons
 c - a +0 spear (weapon)
Armour
 a - a +0 robe (worn)
 f - a +0 cloak (worn)
Jewellery
 l - a ring of poison resistance (left hand)
 n - a +4 ring of slaying
 p - an amulet of regeneration
Scrolls
 d - 2 scrolls of fog
 o - a scroll of identify
Potions
 b - 2 potions of magic
 e - 2 potions of flight
 g - a potion of curing {unknown}
 h - 2 potions of invisibility {unknown}
 i - a potion of cancellation {unknown}
 j - 2 potions of ambrosia {unknown}
 k - a potion of attraction {unknown}
 m - 3 potions of mutation {unknown}
 q - a potion of might {unknown}


   Skills:
 + Level 1.2 Fighting
 + Level 1.1 Armour
 + Level 2.8 Dodging
 - Level 2.0 Stealth
 + Level 2.3 Spellcasting
 + Level 2.3 Conjurations
 * Level 4.4 Fire Magic


You had one spell level left.
You knew the following spells:

 Your Spells              Type           Power      Damage    Failure   Level
a - Foxfire               Conj/Fire      52%        2x1d6     4%          1
b - Scorch                Fire           34%        2d6       4%          2
c - Conjure Flame         Conj/Fire      13%        6-21      14%         3

Your spell library contained the following spells:

 Spells                   Type           Power      Damage    Failure   Level
 Sandblast                Erth           2%         2d4       19%         1
 Inner Flame              Hex/Fire       9%         N/A       22%         3
 Passwall                 Tmut/Erth      0%         N/A       28%         2
 Stone Arrow              Conj/Erth      10%        3d7       34%         3
 Flame Wave               Conj/Fire      13%        2d6       43%         4


Dungeon Overview and Level Annotations

Branches:
Dungeon (4/15)
 Temple: D:4-7

Altars:
Kikubaaqudgha

Annotations:
D:3 3 runed translucent doors, Flippered's ghost, amateur TeVM


Innate Abilities, Weirdness & Mutations

You have a beak for a mouth.
You have claws for feet.


Message History

Casting: Foxfire (safe; 4% risk of failure)
Confirm with . or Enter, or press ? or * to list all spells.
You conjure some foxfire!
Your foxfire dissipates!
The foxfire hits the ogre.
The ogre is heavily wounded.
The foxfire hits the ogre.
The ogre is heavily wounded.
You barely miss the ogre. You punch the ogre, but do no damage.
The ogre is heavily wounded.
You hit the ogre.
The ogre is severely wounded.
The ogre closely misses you.
You barely miss the ogre.
The ogre is severely wounded.
You hit the ogre.
The ogre is severely wounded.
The ogre hits you with a +0 giant spiked club!
Ouch! That really hurt!
Casting: Foxfire (safe; 4% risk of failure)
Confirm with . or Enter, or press ? or * to list all spells.
You conjure some foxfire!
The ogre barely misses you.
The foxfire hits the ogre but does no damage.
The ogre is severely wounded.
The foxfire hits the ogre.
The ogre is almost dead.
The ogre completely misses you.
Casting: Foxfire (safe; 4% risk of failure)
Confirm with . or Enter, or press ? or * to list all spells.
You miscast Scorch.
You are very lightly contaminated with residual magic.
Nothing appears to happen.
Casting: Scorch (safe; 4% risk of failure)
Confirm with . or Enter, or press ? or * to list all spells.
Flames lash the ogre.
The ogre is almost dead.
The ogre's fire resistance burns away.
The ogre misses you.
The ogre hits you with a +0 giant spiked club!!
Ouch! That really hurt!
You die...

.....#....# #'#####...#
.....##...# #
......#...# .#
......#...# ..#
......#...# ....
....>##...####+### .....
#######.[.#......#......
..........#.....@O......
..........#......#......
.....##...##.....# .....
.....###'###.....# ....
.....#.....).....# ...
.....#.....#...(.# ..
.....#.....#..[..# .
#######...########
.....##...#


You could see an ogre (combustible).

Vanquished Creatures
  An adder (D:4)
  2 worms
  A dart slug (D:3)
  2 orcs
  8 endoplasms
  A giant cockroach (D:1)
  11 goblins
  5 hobgoblins
  10 jackals (D:2)
  5 kobolds
  2 quokkas
  9 ball pythons
  3 bats
  7 frilled lizards
  8 rats
75 creatures vanquished.

Vanquished Creatures (collateral kills)
  3 foxfires
3 creatures vanquished.

Vanquished Creatures (others)
  228 foxfires
  A fungus (D:2)
229 creatures vanquished.

Grand Total: 307 creatures vanquished

Notes
Turn   | Place    | Note
-------+----------+-------------------------------------------
     0 | D:1      | kae the Tengu Fire Elementalist began the quest for the
                  | Orb.
     0 | D:1      | Reached XP level 1. HP: 10/10 MP: 4/4
   202 | D:1      | Reached XP level 2. HP: 10/15 MP: 1/6
   846 | D:1      | Found a faded altar of an unknown god.
  1401 | D:1      | Found an ancient bone altar of Kikubaaqudgha.
  1514 | D:2      | Reached XP level 3. HP: 19/20 MP: 5/7
  1744 | D:2      | Reached skill level 1 in Fighting
  1926 | D:2      | Reached skill level 4 in Fire Magic
  2078 | D:2      | Reached skill level 1 in Armour
  2262 | D:2      | Reached XP level 4. HP: 25/25 MP: 6/8
  2580 | D:3      | Found a runed translucent gate.
  2580 | D:3      | Found a runed translucent gate.
  2581 | D:3      | Found a runed translucent gate.
  2603 | D:3      | Noticed Flippered's ghost (amateur TeVM)
  3429 | D:3      | Learned a level 2 spell: Scorch
  3433 | D:3      | Learned a level 3 spell: Conjure Flame
  3908 | D:4      | Noticed an ogre
  3923 | D:4      | Mangled by an ogre

Illustrated notes

Levels and vault maps discovered:
D:1:      dpeg_arrival_lava_altar, layout_basic,
          dilly_ecumenical_altar_fadedgnrine
D:2:      layout_rooms, corexii_hall_statues_s, dreamdust_mushroom_princess,
          kennysheep_boxes
D:3:      layout_rooms, gammafunk_ghost_split, hangedman_feature_mirror
D:4:      layout_gridville, slow_altar_1

Skill      XL: |  1  2  3 |
---------------+----------+-----
Fighting       | 1 |  1.2
Fire Magic     | 4 |  4.4
Armour         | 1 |  1.1
Conjurations   | 2 |  2.3
Dodging        | |  2.8
Stealth        | |  2.0
Spellcasting   | |  2.3

Action                   |  1- 3 |  4- 6 || total
-------------------------+-------+-------++-------
Melee: Spear             |    63 |    22 ||    85
       Peck              |    11 |     3 ||    14
       Kick              |    16 |     4 ||    20
       Punch             |     3 |     1 ||     4
 Cast: Foxfire           |    62 |    75 ||   137
       Scorch            |       |     1 ||     1
  Use: Scroll            |     1 |     3 ||     4
 Stab: Sleeping          |     2 |       ||     2
Armor: Robe              |    12 |     6 ||    18
Dodge: Dodged            |    28 |    15 ||    43

Table legend: (Time is in decaauts)
 A = Elapsed time spent in this place.
 B = Non-inter-level travel time spent in this place.
 C = Inter-level travel time spent in this place.
 D = Time resting spent in this place.
 E = Time spent auto-exploring this place.
 F = Levels seen in this place.
 G = Mean time per level.
                   A        B        C        D        E       F      G
               +--------+--------+--------+--------+--------+-----+--------+
         Total |   3929 |   3875 |     54 |      0 |   3295 |   4 |  982.2 |
       Dungeon |   3929 |   3875 |     54 |      0 |   3295 |   4 |  982.2 |
               +--------+--------+--------+--------+--------+-----+--------+

Top non-repeatable levels by time:
     D:1: 1427 daAuts
     D:2: 1117 daAuts
     D:3: 905 daAuts
     D:4: 479 daAuts
